 Dungeon Crawl Stone Soup version 0.30.0-5-g1a98f26d00 (webtiles) character file.

Game seed: 6412259296269567420

8122 retardedninja the Thaumaturge (level 11, -7/82 HPs)
             Began as a Gnoll Fire Elementalist on May 10, 2023.
             Was an Elder of Cheibriados.
             Mangled by a gargoyle
             ... wielding a +0 flail
              (13 damage)
             ... on level 10 of the Dungeon.
             The game lasted 00:21:53 (16516 turns).

retardedninja the Thaumaturge (GnFE)               Turns: 16516, Time: 00:21:53

Health: -7/82      AC:  7    Str: 23    XL:     11   Next: 25%
Magic:  17/32      EV: 18    Int: 32    God:    Cheibriados [****..]
Gold:   582        SH:  0    Dex: 22    Spells: 11/26 levels left

rFire   . . .        o - +6 flail
rCold   + . .        (no shield)
rNeg    . . .        a - +1 robe
rPois   .            (no helmet)
rElec   .            q - +1 cloak
rCorr   .            (no gloves)
SInv    .            j - +0 pair of boots
Will    .....        (no amulet)
Stlth   ++++         r - +6 ring of strength
HPRegen 0.33/turn    h - ring "Simier Luetz" {Fly rC+ MP+9 Int+5}
MPRegen 0.23/turn

%: no passive effects
@: flying, very slow
A: fangs 1, strong nose, distributed training
a: Renounce Religion, Bend Time, Temporal Distortion, Slouch


You were on level 10 of the Dungeon.
You worshipped Cheibriados.
Cheibriados was greatly pleased with you.
You visited 2 branches of the dungeon, and saw 11 of its levels.
You also visited: Sewer.

You collected 582 gold pieces.

Inventory:

Hand Weapons
 o - a +6 flail (weapon)
 D - a +1 broad axe of distortion
Armour
 a - a +1 robe (worn)
 j - a +0 pair of boots (worn)
 q - a +1 cloak (worn)
 t - a +0 troll leather armour
Jewellery
 h - the ring "Simier Luetz" (right hand) {Fly rC+ MP+9 Int+5}
   (You acquired it on level 7 of the Dungeon)

   [ring of magical power]

   Int:       It affects your intelligence (+5).
   rC:        It protects you from cold.
   MP:        It affects your magic capacity (+9).
   Fly:       It grants you flight.
 r - a +6 ring of strength (left hand)
 G - a ring of positive energy
Wands
 b - a wand of paralysis (12)
 c - a wand of polymorph (4)
 x - a wand of digging (5)
 E - a wand of flame (19)
Scrolls
 g - a scroll of magic mapping
 v - 2 scrolls of fog
 z - 2 scrolls of noise
 C - 2 scrolls of identify
 F - a scroll of enchant armour
Potions
 d - a potion of magic
 e - a potion of ambrosia {unknown}
 f - 3 potions of haste
 i - a potion of resistance
 k - 2 potions of lignification
 l - 6 potions of flight
 m - a potion of mutation
 n - a potion of curing
 p - 2 potions of heal wounds {unknown}
 s - 2 potions of might
 u - a potion of brilliance {unknown}
 A - a potion of cancellation {unknown}
 B - 2 potions of attraction {unknown}
 I - a potion of degeneration {unknown}
 J - a potion of berserk rage {unknown}
Miscellaneous
 w - a tin of tremorstones (1/2)
 y - a phial of floods


   Skills:
 + Level 6.3 Fighting
 + Level 6.3 Short Blades
 + Level 6.3 Long Blades
 + Level 6.3 Axes
 + Level 6.3 Maces & Flails
 + Level 6.3 Polearms
 + Level 6.3 Staves
 + Level 6.3 Ranged Weapons
 + Level 6.3 Throwing
 + Level 6.3 Armour
 + Level 7.9 Dodging
 + Level 7.7 Stealth
 + Level 6.3 Shields
 + Level 6.3 Unarmed Combat
 + Level 8.2 Spellcasting
 + Level 5.7 Conjurations
 + Level 5.2 Hexes
 + Level 5.2 Summonings
 + Level 5.2 Necromancy
 + Level 5.2 Translocations
 + Level 5.2 Transmutations
 + Level 7.7 Fire Magic
 + Level 5.2 Ice Magic
 + Level 5.2 Air Magic
 + Level 5.2 Earth Magic
 + Level 5.2 Poison Magic
 + Level 7.0 Invocations
 + Level 6.3 Evocations


You had 11 spell levels left.
You knew the following spells:

 Your Spells              Type           Power      Damage    Failure   Level
a - Foxfire               Conj/Fire      100%       2x1d9     1%          1
b - Scorch                Fire           100%       2d9       1%          2
c - Flame Wave            Conj/Fire      54%        2d13      2%          4
d - Inner Flame           Hex/Fire       53%        N/A       1%          3
e - Fireball              Conj/Fire      27%        3d12      6%          5

Your spell library contained the following spells:

 Spells                   Type           Power      Damage    Failure   Level
 Freeze                   Ice            100%       1d10      1%          1
 Shock                    Conj/Air       100%       1d9       1%          1
 Summon Small Mammal      Summ           100%       N/A       1%          1
 Ensorcelled Hibernation  Hex/Ice        92%        N/A       1%          2
 Call Canine Familiar     Summ           46%        N/A       1%          3
 Frozen Ramparts          Ice            92%        1d14      1%          3
 Gell's Gravitas          Tloc           46%        N/A       1%          3
 Hailstorm                Conj/Ice       48%        3d11      1%          3
 Ozocubu's Armour         Ice            46%        N/A       1%          3
 Spider Form              Tmut/Pois      46%        N/A       1%          3
 Summon Guardian Golem    Hex/Summ       46%        N/A       1%          3
 Teleport Other           Tloc           46%        N/A       1%          3
 Tukima's Dance           Hex            46%        N/A       1%          3
 Volatile Blastmotes      Fire/Tloc      100%       2d18      1%          3
 Iskenderun's Mystic Bla  Conj/Tloc      48%        2d11      3%          4
 Anguish                  Hex/Necr       23%        N/A       4%          4
 Cause Fear               Hex            23%        N/A       4%          4
 Petrify                  Tmut/Erth      46%        N/A       4%          4
 Metabolic Englaciation   Hex/Ice        23%        N/A       12%         5
 Dispersal                Tloc           23%        N/A       54%         6
 Simulacrum               Ice/Necr       23%        N/A       54%         6
 Statue Form              Tmut/Erth      30%        N/A       54%         6


Dungeon Overview and Level Annotations

Branches:
Dungeon (10/15)            Temple (1/1) D:5           Sewer (visited)
   Lair: D:8-11         Orc: D:9-12

Altars:
Ashenzari
Cheibriados
Dithmenos
Elyvilon
Fedhas
Gozag
Hepliaklqana
Kikubaaqudgha
Makhleb
Nemelex Xobeh
Okawaru
Qazlal
Ru
Sif Muna
Trog
Uskayaw
Vehumet
Wu Jian
Xom
Yredelemnul
Zin
The Shining One

Shops:
D:4 !   D:5 :

Annotations:
D:5 2 transporters


Innate Abilities, Weirdness & Mutations

You have very sharp teeth.
Your uncanny sense of smell can sniff out nearby items.
Your experience applies equally to all skills.


Message History

Confirm with . or Enter, or press ? or * to list all spells.
Flames lash the gargoyle.
The gargoyle is moderately damaged.
The gargoyle's fire resistance burns away.
The gargoyle hits you with a +0 flail!!
Unknown command.
Casting: Scorch (safe; 1% risk of failure)
Confirm with . or Enter, or press ? or * to list all spells.
Flames lash the gargoyle.
The gargoyle is burned terribly!
The gargoyle is heavily damaged.
The gargoyle hits you with a +0 flail.
Unknown command.
Casting: Scorch (safe; 1% risk of failure)
Confirm with . or Enter, or press ? or * to list all spells.
Flames lash the gargoyle but do no damage.
The gargoyle misses you.
Unknown command.
Casting: Scorch (safe; 1% risk of failure)
Confirm with . or Enter, or press ? or * to list all spells.
Flames lash the gargoyle but do no damage.
The gargoyle hits you with a +0 flail!
* * * LOW HITPOINT WARNING * * *
Unknown command.
Casting: Scorch (safe; 1% risk of failure)
Confirm with . or Enter, or press ? or * to list all spells.
Casting: Flame Wave (dangerous; 2% risk of failure)
Press: ? - help, Dir - look around, f - activate A wave of flame ripples out!
The flame wave engulfs the gargoyle.
The gargoyle is burned terribly!
The gargoyle is severely damaged. (Press . to intensify the flame waves.)
The gargoyle hits you with a +0 flail!
* * * LOW HITPOINT WARNING * * *
The tremorstone explodes into fragments!
The burst of rock shards engulfs the gargoyle but does no damage.
The burst of rock shards engulfs the gargoyle.
You hear a shout! x2; You hear a roar!
You hear a horrible gurgling sound!
You hear a bellow!
You hear a shout!
The gargoyle hits you with a +0 flail!
You die...

#..........#
#.########.#
#.# #.# ..#
#.# . #.## #.#
.. #. #.# #...
#.
#.#∆∆####.....
#.
#.####........
#.....@9......
###...........
#.........##
#......####
#....###
#...## ∆ #...#
#..##


You could see a gargoyle (combustible).

Vanquished Creatures
  A two-headed ogre (D:8)
  Pikel (D:4)
  Maggie (D:8)
  A troll (D:9)
  Grinder (D:3)
  2 wyverns
  11 yaks
  A steam dragon (D:6)
  Menkaure (D:7)
  2 orc warriors
  A sky beast (D:8)
  An ice beast (D:5)
  Pargi (Sewer)
  A black bear (D:4)
  2 ogres
  2 lemures (D:4)
  A phantom (D:5)
  3 kobold brigands
  2 centaurs
  A necrophage (D:6)
  3 bullfrogs
  A scorpion (D:6)
  21 wights
  4 killer bees (D:8)
  8 howler monkeys
  A bullfrog zombie (D:6)
  2 centaur zombies (D:6)
  2 gnoll boudas (D:7)
  6 orc priests
  A hound (D:7)
  3 jellies
  2 sleepcaps
  A human zombie (D:6)
  3 iguanas
  11 orc wizards
  A mummy (D:6)
  2 howler monkey zombies (D:6)
  12 gnolls
  8 river rats
  4 adders
  2 white imps (D:7)
  3 worms
  2 dart slugs (D:1)
  34 orcs
  9 ball pythons
  7 endoplasms
  5 giant cockroaches (D:3)
  10 goblins
  6 hobgoblins
  A jackal (D:3)
  7 quokkas
  13 bats
  A frilled lizard (D:1)
  20 kobolds
  23 rats
276 creatures vanquished.

Vanquished Creatures (collateral kills)
  16 foxfires (D:1)
16 creatures vanquished.

Vanquished Creatures (others)
  948 foxfires
948 creatures vanquished.

Grand Total: 1240 creatures vanquished

Notes
Turn   | Place    | Note
-------+----------+-------------------------------------------
     0 | D:1      | retardedninja the Gnoll Fire Elementalist began the quest
                  | for the Orb.
     0 | D:1      | Reached XP level 1. HP: 13/13 MP: 6/6
   337 | D:1      | Reached XP level 2. HP: 19/19 MP: 4/7
  1251 | D:1      | Reached skill level 5 in Spellcasting
  1251 | D:1      | Reached XP level 3. HP: 25/25 MP: 4/9
  1845 | D:2      | Reached skill level 1 in Invocations
  1990 | D:2      | Reached skill level 1 in Fighting
  1990 | D:2      | Reached skill level 1 in Short Blades
  1990 | D:2      | Reached skill level 1 in Long Blades
  1990 | D:2      | Reached skill level 1 in Axes
  1990 | D:2      | Reached skill level 1 in Maces & Flails
  1990 | D:2      | Reached skill level 1 in Polearms
  1990 | D:2      | Reached skill level 1 in Staves
  1990 | D:2      | Reached skill level 1 in Ranged Weapons
  1990 | D:2      | Reached skill level 1 in Throwing
  1990 | D:2      | Reached skill level 1 in Armour
  1990 | D:2      | Reached skill level 1 in Shields
  1990 | D:2      | Reached skill level 1 in Unarmed Combat
  1990 | D:2      | Reached skill level 1 in Evocations
  2461 | D:2      | Reached XP level 4. HP: 32/32 MP: 8/11
  2857 | D:3      | Reached skill level 1 in Hexes
  2857 | D:3      | Reached skill level 1 in Summonings
  2857 | D:3      | Reached skill level 1 in Necromancy
  2857 | D:3      | Reached skill level 1 in Translocations
  2857 | D:3      | Reached skill level 1 in Transmutations
  2857 | D:3      | Reached skill level 1 in Ice Magic
  2857 | D:3      | Reached skill level 1 in Air Magic
  2857 | D:3      | Reached skill level 1 in Earth Magic
  2857 | D:3      | Reached skill level 1 in Poison Magic
  2943 | D:3      | Found a glowing drain.
  2955 | D:3      | Learned a level 2 spell: Scorch
  2957 | Sewer    | Entered a sewer
  3067 | Sewer    | Noticed Pargi
  3079 | Sewer    | Killed Pargi
  3080 | Sewer    | Reached XP level 5. HP: 33/38 MP: 2/12
  3556 | D:3      | Noticed Grinder
  3564 | D:3      | Paralysed by Grinder for 2 turns
  3572 | D:3      | Killed Grinder
  3573 | D:3      | Reached skill level 5 in Dodging
  3573 | D:3      | Reached XP level 6. HP: 20/44 MP: 2/14
  3865 | D:3      | Reached XP level 7. HP: 50/50 MP: 2/15
  5108 | D:4      | Reached skill level 5 in Stealth
  5483 | D:4      | Found a hide-covered altar of Uskayaw.
  5483 | D:4      | Noticed a +0 falchion
  5484 | D:4      | Noticed a +0 falchion
  5485 | D:4      | Noticed a +0 short sword
  5485 | D:4      | Noticed a +0 spear
  5485 | D:4      | Noticed a +0 short sword
  5488 | D:4      | Noticed a +0 spear
  5500 | D:4      | Learned a level 4 spell: Flame Wave
  5504 | D:4      | Learned a level 3 spell: Inner Flame
  5518 | D:4      | Noticed a +0 dagger
  5522 | D:4      | Noticed Pikel
  5540 | D:4      | Killed Pikel
  5541 | D:4      | Reached skill level 6 in Spellcasting
  5541 | D:4      | Reached XP level 8. HP: 18/58 MP: 1/17
  5929 | D:4      | Noticed a +0 dagger
  6232 | D:4      | Found Unkedghia's Distillery.
  6299 | D:4      | Found an iron altar of Okawaru.
  6474 | D:5      | Entered Level 5 of the Dungeon
  6620 | D:5      | Found a staircase to the Ecumenical Temple.
  6658 | Temple   | Entered the Ecumenical Temple
  6849 | Temple   | Became a worshipper of Cheibriados the Contemplative
  7127 | D:5      | Found a transporter.
  7247 | D:5      | Found a transporter.
  7250 | D:5      | Found Gokh's Self-Improvement Boutique.
  7293 | D:5      | Found a sparkling altar of Nemelex Xobeh.
  7718 | D:5      | Found a hazy altar of Hepliaklqana.
  7721 | D:5      | Found a shimmering blue altar of Sif Muna.
  7724 | D:5      | Found a glowing golden altar of the Shining One.
  7740 | D:5      | Found an opulent altar of Gozag.
  8063 | D:5      | Reached XP level 9. HP: 46/65 MP: 4/18
  9004 | D:6      | Reached * piety under Cheibriados
  9401 | D:6      | Reached skill level 5 in Invocations
  9786 | D:6      | Found a basalt altar of Yredelemnul.
  9929 | D:6      | Found a broken altar of Ashenzari.
 10089 | D:7      | Reached skill level 7 in Spellcasting
 10381 | D:7      | Noticed Menkaure
 10388 | D:7      | Killed Menkaure
 10812 | D:7      | Reached ** piety under Cheibriados
 10947 | D:7      | Reached skill level 5 in Fighting
 10947 | D:7      | Reached skill level 5 in Short Blades
 10947 | D:7      | Reached skill level 5 in Long Blades
 10947 | D:7      | Reached skill level 5 in Axes
 10947 | D:7      | Reached skill level 5 in Maces & Flails
 10947 | D:7      | Reached skill level 5 in Polearms
 10947 | D:7      | Reached skill level 5 in Staves
 10947 | D:7      | Reached skill level 5 in Ranged Weapons
 10947 | D:7      | Reached skill level 5 in Throwing
 10947 | D:7      | Reached skill level 5 in Armour
 10947 | D:7      | Reached skill level 5 in Shields
 10947 | D:7      | Reached skill level 5 in Unarmed Combat
 10947 | D:7      | Reached skill level 5 in Evocations
 10947 | D:7      | HP: 1/68 [orc warrior/+0 war axe (10)]
 10953 | D:7      | Reached XP level 10. HP: 10/74 MP: 13/20
 11531 | D:7      | HP: 3/74 [yak (4)]
 12482 | D:7      | Identified 2 scrolls of acquirement
 12482 | D:7      | Acquired the Opusculum on Unfortunate Bruises
 12484 | D:7      | Acquired the ring "Simier Luetz" {Fly rC+ MP+9 Int+5}
 12981 | D:7      | Learned a level 5 spell: Fireball
 12994 | D:8      | Noticed Maggie
 12996 | D:8      | Reached skill level 5 in Conjurations
 13003 | D:8      | HP: 3/74 [poisoned by a killer bee]
 13008 | D:8      | Killed Maggie
 13856 | D:8      | Reached *** piety under Cheibriados
 14808 | D:9      | Found a sacrificial altar of Ru.
 14967 | D:9      | Noticed a two-headed ogre
 14979 | D:8      | Reached skill level 5 in Hexes
 14979 | D:8      | Reached skill level 5 in Summonings
 14979 | D:8      | Reached skill level 5 in Necromancy
 14979 | D:8      | Reached skill level 5 in Translocations
 14979 | D:8      | Reached skill level 5 in Transmutations
 14979 | D:8      | Reached skill level 5 in Ice Magic
 14979 | D:8      | Reached skill level 5 in Air Magic
 14979 | D:8      | Reached skill level 5 in Earth Magic
 14979 | D:8      | Reached skill level 5 in Poison Magic
 15613 | D:8      | Killed a two-headed ogre
 15614 | D:8      | Reached skill level 8 in Spellcasting
 15614 | D:8      | Reached XP level 11. HP: 81/81 MP: 15/23
 15859 | D:9      | Reached **** piety under Cheibriados
 16279 | D:10     | Entered Level 10 of the Dungeon
 16516 | D:10     | Mangled by a gargoyle

Illustrated notes

Levels and vault maps discovered:
D:1:      lightli_arrival_quake, layout_basic, serial_bayou,
          serial_bayou_lagoon_a, serial_bayou_pond_b, serial_bayou_lagoon_b,
          serial_bayou_crossing, serial_bayou_pond_d, serial_bayou_pond_d,
          minmay_pentomino_s4
D:2:      layout_loops_corners, kennysheep_nondescript
D:3:      layout_basic, gup_sewer_entry_bubbles, minivault_27, minmay_cupped,
          uniq_grinder
D:4:      layout_loops_ring, amcnicky_altar_gilded, nicolae_uskayaw_en_pointe,
          serial_shops, shop, dk_rats_in_the_wall, uniq_pikel
D:5:      gammafunk_cloud_chamber, layout_loops_corners, old_standard_altar,
          grunt_temple_overflow_cloverleaf, minmay_temple_entry_waves,
          chequers_serial_rivers_micro_a, minmay_strange_pillars,
          nicolae_shop_self_help
D:6:      layout_cave_pools, lemuel_mausoleum_altar_yredelemnul,
          ashenzari_conservatory_becter, kennysheep_generic_room_4
D:7:      layout_gridville, due_unseen_surprise, uniq_menkaure
D:8:      layout_rooms, uniq_maggie
D:9:      layout_irregular_city, overflow_temple_1_default
D:10:     minmay_quarter_circles, layout_loops_ring, orc_0_dummy,
          nicolae_trove_entry_crossroad
Temple:   nicolae_temple_bog_church

Skill      XL: |  1  2  3  4  5  6  7  8  9 10 11 |
---------------+----------------------------------+-----
Conjurations   | 2 3 4 5 |  5.7
Spellcasting   | 5 6 7 8 |  8.2
Invocations    | 1 2 3 4 5 6 7 |  7.0
Fighting       | 1 2 3 5 6 |  6.3
Short Blades   | 1 2 3 5 6 |  6.3
Long Blades    | 1 2 3 5 6 |  6.3
Axes           | 1 2 3 5 6 |  6.3
Maces & Flails | 1 2 3 5 6 |  6.3
Polearms       | 1 2 3 5 6 |  6.3
Staves         | 1 2 3 5 6 |  6.3
Ranged Weapons | 1 2 3 5 6 |  6.3
Throwing       | 1 2 3 5 6 |  6.3
Armour         | 1 2 3 5 6 |  6.3
Shields        | 1 2 3 5 6 |  6.3
Unarmed Combat | 1 2 3 5 6 |  6.3
Evocations     | 1 2 3 5 6 |  6.3
Hexes          | 1 2 3 4 5 |  5.2
Summonings     | 1 2 3 4 5 |  5.2
Necromancy     | 1 2 3 4 5 |  5.2
Translocations | 1 2 3 4 5 |  5.2
Transmutations | 1 2 3 4 5 |  5.2
Ice Magic      | 1 2 3 4 5 |  5.2
Air Magic      | 1 2 3 4 5 |  5.2
Earth Magic    | 1 2 3 4 5 |  5.2
Poison Magic   | 1 2 3 4 5 |  5.2
Dodging        | 5 6 7 |  7.9
Stealth        | 5 6 7 |  7.7
Fire Magic     | 6 7 |  7.7

Action                     |  1- 3 |  4- 6 |  7- 9 | 10-12 || total
---------------------------+-------+-------+-------+-------++-------
  Melee: Flail             |       |     3 |    55 |     1 ||    59
         Bite              |       |       |     5 |       ||     5
         Punch             |       |       |     3 |       ||     3
   Cast: Foxfire           |   126 |    72 |   309 |    97 ||   604
         Scorch            |       |    13 |    96 |    45 ||   154
         Flame Wave        |       |       |       |    13 ||    13
         Fireball          |       |       |       |     6 ||     6
  Evoke: Wand              |       |       |    12 |     3 ||    15
         Tin of tremorston |       |       |       |     1 ||     1
    Use: Potion            |       |       |     5 |     3 ||     8
         Scroll            |       |       |     6 |    13 ||    19
   Stab: Paralysed         |       |       |       |     1 ||     1
 Armour: Robe              |     1 |    24 |    66 |    20 ||   111
  Dodge: Dodged            |     8 |    44 |   197 |   135 ||   384
